Match 42362016
Unlisted

Match 42362016
End
Construct Infanterie Kompanie
MG 42 Machine Gun Team
Grenadier Squad
Grenadier Squad
Grenadier Squad
Construct Panzergrenadier Kompanie
Medical Bunker
Pak 40 Anti-tank Gun Team
Medical Bunker
Construct Panzer Kompanie
Panzergrenadier Squad
Grenadier Squad
Selects Terror Battlegroup
Selects Machine Gun Camouflage
Selects Defend the Fatherland
MG 42 Machine Gun Team
Construct Luftwaffe Kompanie
Jäger Squad
Jäger Squad
251 Medium Carrier
Selects King Tiger Heavy Tank
King Tiger Heavy Tank
Support Elements
Pioneer Squad
Pioneer Squad
Panzer IV Medium Tank
Grenadier Squad
Pioneer Squad
Selects Contempt for the Weak
Selects Propaganda Leaflet Drop
Propaganda Leaflet Drop
Grenadier Squad
Grenadier Squad
Grenadier Squad
Propaganda Leaflet Drop
Selects V1 Rocket Strike
V1 Rocket Strike
King Tiger Heavy Tank
MG 42 Machine Gun Team
Artinios
Gn_Patton
sumikadaisuki
Quetzalcoatl phantom
[HAN]Diederick Kastner
Aurelius
A-Kai
棉袜拖鞋
0
0

Comments sign in to comment!

No comments posted yet!